 Dungeon Crawl Stone Soup version 0.18-a0-1593-g7a89b71 (webtiles) character file.

42 Oddball22 the Charlatan (level 3, -2/18 HPs)
             Began as a Spriggan Artificer on Mar 20, 2016.
             Slain by a goblin
             ... wielding a +0 club
              (6 damage)
             ... on level 2 of the Dungeon.
             The game lasted 00:05:45 (1909 turns).

Oddball22 the Charlatan (Spriggan Artificer)        Turns: 1909, Time: 00:05:46

Health: -2/18      AC:  2    Str:  7    XL:     3   Next: 33%
Magic:  7/7        EV: 19    Int: 13    God:
Gold:   104        SH:  0    Dex: 17    Spells: 0 memorised, 2 levels left

rFire  . . .     SeeInvis +     a - +0 short sword
rCold  . . .     Gourm    .     b - +0 robe
rNeg   . . .     Faith    .     (shield restricted)
rPois  .         Spirit   .     (helmet restricted)
rElec  .         Dismiss  .     (no cloak)
rCorr  .         Reflect  .     (gloves unavailable)
SustAt .         Harm     +     (boots unavailable)
MR     .....                    t - amulet of harm
Stlth  +++.......               (no ring)
                                (no ring)

@: very quick, not resistant to hostile enchantments, fairly stealthy
A: unfitting armour, see invisible, herbivore 3, speed 3, slow metabolism 2
a: no special abilities


You were on level 2 of the Dungeon.
You were not hungry.

You visited 1 branch of the dungeon, and saw 2 of its levels.

You collected 104 gold pieces.

Inventory:

Hand Weapons
 a - a +0 short sword (weapon)
 n - a +0 hunting sling
Missiles
 h - 21 sling bullets
 m - 50 stones (quivered)
 v - 22 arrows
Armour
 b - a +0 robe (worn)
Jewellery
 t - an amulet of harm (around neck)
Wands
 c - a wand of flame (15/48)
 d - a wand of enslavement (15/24)
 e - a wand of random effects (15/48)
 z - a wand of slowing (13/48)
Scrolls
 g - 7 scrolls of identify {unknown}
 i - a scroll of teleportation {unknown}
 q - a scroll of fear {unknown}
 w - a scroll of fog {unknown}
 x - a scroll of immolation {unknown}
 y - a scroll of blinking {unknown}
Potions
 j - a potion of resistance {unknown}
 k - a potion of might {unknown}
 o - 2 potions of cancellation {unknown}
 p - 3 potions of invisibility {unknown}
 r - a potion of agility {unknown}
 s - 2 potions of brilliance {unknown}
 u - a potion of curing {unknown}
Comestibles
 f - a bread ration
 l - a slice of pizza


   Skills:
 + Level 1.4 Fighting
 - Level 1.1 Short Blades
 + Level 4.0 Dodging
 * Level 3.3 Stealth
 - Level 4.1 Evocations


You had 2 spell levels left.
You didn't know any spells.

Dungeon Overview and Level Annotations

Branches:
Dungeon (2/15)

Altars:

Annotations:
D:2 Robin


Innate Abilities, Weirdness & Mutations

You are tiny and cannot use many weapons and most armour.
You have supernaturally acute eyesight.
You are a herbivore.
You cover ground extremely quickly.
You need consume almost no food.


Message History

You barely miss the hobgoblin. The hobgoblin hits you with a club.
You hit the hobgoblin.
You kill the hobgoblin!
m - 49 stones (gained 5)
You see here a club.
You start resting.
m - 50 stones (gained 1)
You start resting.
The goblin hits you with a club!
* * * LOW HITPOINT WARNING * * *
You hit the goblin.
The goblin is severely wounded.
The goblin hits you but does no damage.
You closely miss the goblin.
The goblin is severely wounded.
The goblin completely misses you.
You barely miss the goblin.
The goblin is severely wounded.
The goblin hits you with a club.
You die...

.....#######.#..#.#####...
#.......#.........#####.#.
#.##.##.#.##..#.........#.
#.##.##.#.##.....########.
#.##.##.#.###.##.# ##+ ##
#.##.##.#.##..##.# ##.. g##
#.##.##.#.##.###.# ##...
..######.......#.##.##..# ##....
...##.#......###@)......####.....
...'g......(..(g.†.........'.....
....###...#..######.#...####.....
...## ##.....# ##.##.######....
..######.###.# #......†.# ##...
.........###.# #....###.# ##..
########.g.g.# #.##.# #.# #..
#.##### #.##.# #.# #.. #.#
#.##.###[# ###..


You could see a goblin.

Vanquished Creatures
  2 worms (D:2)
  3 bats (D:1)
  5 giant cockroaches
  6 goblins
  4 hobgoblins
  A ball python (D:1)
  3 giant newts
  8 kobolds
  4 rats (D:1)
36 creatures vanquished.

Notes
Turn   | Place    | Note
--------------------------------------------------------------
     0 | D:1      | Oddball22 the Spriggan Artificer began the quest for the Orb.
     0 | D:1      | Reached XP level 1. HP: 9/9 MP: 4/4
   197 | D:1      | Reached skill level 1 in Fighting
   273 | D:1      | Reached XP level 2. HP: 14/14 MP: 6/6
  1146 | D:2      | Noticed Robin
  1258 | D:2      | Reached XP level 3. HP: 18/18 MP: 7/7
  1909 | D:2      | Slain by a goblin

Vault maps used:
D:1:      wheals_arrival_linesprint
D:2:      minmay_crystal_room, nrook_loot_triangle, uniq_robin

Skill      XL: |  1  2  3 |
---------------+----------+-----
Stealth        | 2 3 |  3.3
Fighting       | 1 |  1.4
Dodging        | 4 |  4.0
Short Blades   | |  1.1
Evocations     | |  4.1

Action                   || total
-------------------------++-------
Melee: Short sword       ||    96
 Fire: Hunting sling     ||    53
 Stab: Sleeping          ||     4
